 Dungeon Crawl Stone Soup version 0.13.0-19-g8e0b589 (webtiles) character file.

2335 Holgar the Basher (level 9, -3/72 (73) HPs)
             Began as a Minotaur Fighter on Oct 24, 2013.
             Was a Priest of Okawaru.
             Slain by a centaur (5 damage)
             ... on Level 7 of the Dungeon on Oct 25, 2013.
             The game lasted 00:28:38 (5437 turns).

Holgar the Basher (Minotaur Fighter)                Turns: 5437, Time: 00:28:38

HP  -3/72 (73)   AC 11     Str 24      XL: 9   Next:  2%
MP   1/3         EV  7     Int  6      God: Okawaru [***...]
Gold 322         SH 39     Dex  9      Spells:  0 memorised,  8 levels left

Res.Fire  : . . .   See Invis. : .   u - +0,-1 morningstar
Res.Cold  : + . .   Warding    : .   b - +0 scale mail
Life Prot.: . . .   Conserve   : .   F - +1 large shield
Res.Poison: .       Res.Corr.  : .   (helmet restricted)
Res.Elec. : .       Clarity    : .   (no cloak)
Sust.Abil.: . .     Spirit.Shd : .   (no gloves)
Res.Mut.  : +       Stasis     : .   y - +0 pair of boots
Res.Rott. : .       Flight     : .   h - amulet of resist mutation
Saprovore : . . .                    (no ring)
                                     q - ring of protection from cold

@: heroism, slightly resistant to hostile enchantments, extremely unstealthy
A: retaliatory headbutt, horns 2
a: Heroism, Renounce Religion


You were on level 7 of the Dungeon.
You worshipped Okawaru.
Okawaru was most pleased with you.
You were not hungry.

You visited 2 branches of the dungeon, and saw 8 of its levels.

You collected 302 gold pieces.

Inventory:

Hand weapons
 u - a +0,-1 morningstar (weapon)
Armour
 b - a +0 scale mail (worn)
 y - a +0 pair of boots (worn)
 F - a +1 large shield (worn)
Magical devices
 t - a wand of fire (5)
Comestibles
 c - a pear
 d - 2 bread rations
 H - a meat ration
Scrolls
 f - 3 scrolls of recharging
 i - 2 scrolls of fog
 m - 3 scrolls of teleportation {unknown}
 n - 4 scrolls of remove curse {unknown}
 o - a scroll of noise
 p - 2 scrolls of amnesia
 r - a scroll of fear {unknown}
 s - 2 scrolls of enchant armour {unknown}
 w - 2 scrolls of curse armour {unknown}
 x - 2 scrolls of curse jewellery {unknown}
 D - 2 scrolls of identify
 E - a scroll of magic mapping {unknown}
 I - a scroll of blinking
 J - a scroll of summoning {unknown}
Jewellery
 h - an amulet of resist mutation (around neck)
 j - an uncursed ring of flight
 k - an uncursed ring of ice {unknown}
 q - a ring of protection from cold (left hand)
Potions
 a - a potion of brilliance
 e - a potion of might
 g - a potion of flight
 v - a potion of cure mutation
 z - a potion of agility {unknown}
 A - a potion of restore abilities {unknown}
 B - a potion of magic {unknown}
 C - a potion of berserk rage {unknown}
 G - a potion of resistance {unknown}


   Skills:
 * Level 5.0(10.0) Fighting
 - Level 10.0(15.0) Maces & Flails
 + Level 7.7(12.7) Armour
 + Level 7.8(12.8) Shields


You had 8 spell levels left.
You didn't know any spells.

Dungeon Overview and Level Annotations

Branches:
Dungeon (7/27)             Temple (1/1) D:7
    Orc: D:6-11

Altars:
Cheibriados
Elyvilon
Fedhas
Kikubaaqudgha
Nemelex Xobeh
Okawaru
Sif Muna
Trog
Vehumet
Xom
Yredelemnul
Zin
the Shining One

Shops:
D:5 (}   D:7 *

Annotations:
D:7 SublimeSnake's ghost, experienced DsHu


Innate Abilities, Weirdness & Mutations

You reflexively headbutt those who attack you in melee.
You have a pair of horns on your head.


Message History

The warg closely misses you. The warg claws you but does no damage.
Use which ability? (? or * to list)
You gain the combat prowess of a mighty hero.
You feel slightly more hungry. You block the centaur's attack.
You block the warg's attack. The warg claws you but does no damage.
The warg claws you.
* * * LOW HITPOINT WARNING * * *
SublimeSnake's ghost hits you but does no damage.
You block the centaur's attack.
You barely miss SublimeSnake's ghost.
SublimeSnake's ghost is heavily damaged.
The warg bites you but does no damage. You block the warg's attack.
You block the warg's attack. The centaur hits you.
* * * LOW HITPOINT WARNING * * *
You block SublimeSnake's ghost's attack.
You closely miss SublimeSnake's ghost.
Your headbutt misses SublimeSnake's ghost.
SublimeSnake's ghost is heavily damaged.
The centaur hits you.
You die...

#...............
#...............
#................
#.................
#................
#.............###
#..........h.##
#.........hc##
#.........p@#
#..>......[.#
#............#
#............#
#............#
#............#
#..........(.#
#...........##
#...........#


You could see 2 wargs, a centaur and SublimeSnake's ghost.

Vanquished Creatures
  Grinder (D:5)
  Prince Ribbit (D:4)
  A necrophage (D:5)
  2 ogres
  2 centaurs (D:5)
  2 wargs (D:7)
  2 giant frogs
  3 crimson imps
  A jelly (D:5)
  2 hounds
  2 giant frog skeletons
  3 orc wizards (D:4)
  2 scorpions (D:4)
  11 worker ants
  Ijyb (D:5)
  A hound skeleton (D:4)
  3 gnolls (D:2)
  7 adders
  A giant mite (D:6)
  6 worms
  A giant eyeball (D:5)
  6 giant geckos
  16 orcs
  12 bats
  A bat skeleton (D:4)
  8 hobgoblins
  2 oozes
  3 quokkas
  2 ball pythons
  2 giant cockroaches
  4 giant newts
  20 goblins
  A jackal skeleton (D:4)
  8 kobolds
  11 rats
151 creatures vanquished.

Notes
Turn   | Place    | Note
--------------------------------------------------------------
     0 | D:1      | Holgar, the Minotaur Fighter, began the quest for the Orb.
     0 | D:1      | Reached XP level 1. HP: 19/19 MP: 0/0
   217 | D:1      | Reached XP level 2. HP: 26/26 MP: 0/0
   248 | D:1      | Found an iron altar of Okawaru.
   265 | D:1      | Became a worshipper of Warmaster Okawaru
   692 | D:2      | Reached skill level 4 in Maces & Flails
   692 | D:2      | Reached XP level 3. HP: 26/33 MP: 1/1
   922 | D:2      | Reached skill level 5 in Maces & Flails
   929 | D:2      | Reached XP level 4. HP: 7/39 MP: 1/1
  1185 | D:2      | Found a glowing golden altar of the Shining One.
  1185 | D:2      | Found a glowing silver altar of Zin.
  1185 | D:2      | Found a white marble altar of Elyvilon.
  1505 | D:3      | Found a deep blue altar of Sif Muna.
  1597 | D:3      | Reached skill level 6 in Maces & Flails
  1721 | D:3      | Reached XP level 5. HP: 41/46 MP: 1/1
  1985 | D:4      | Acquired Okawaru's first power
  1994 | D:4      | Reached skill level 7 in Maces & Flails
  2121 | D:4      | Noticed Prince Ribbit
  2144 | D:4      | Reached XP level 6. HP: 30/52 MP: 2/2
  2171 | D:4      | Killed Prince Ribbit
  2171 | D:4      | Reached skill level 9 in Maces & Flails
  2393 | D:4      | Reached XP level 7. HP: 45/59 MP: 2/2
  3125 | D:4      | Reached skill level 10 in Maces & Flails
  3547 | D:5      | Entered Level 5 of the Dungeon
  3550 | D:5      | Noticed Ijyb
  3738 | D:5      | Killed Ijyb
  3915 | D:5      | Found Veameh's Gadget Shop.
  3952 | D:5      | Reached skill level 5 in Shields
  3984 | D:5      | Reached skill level 5 in Armour
  3984 | D:5      | Reached XP level 8. HP: 58/64 MP: 2/2
  4019 | D:5      | Noticed Grinder
  4045 | D:5      | Killed Grinder
  4240 | D:5      | HP: 3/65 [poisoned by a centaur]
  4245 | D:5      | HP: 1/65 [poisoned by a centaur]
  4523 | D:5      | Found Stramimn's Antique Weapon Shoppe.
  5149 | D:7      | Found a staircase to the Ecumenical Temple.
  5155 | Temple   | Entered the Ecumenical Temple
  5373 | D:7      | Found Qainawix's General Store.
  5415 | D:7      | Noticed SublimeSnake's ghost (experienced DsHu)
  5419 | D:7      | Reached skill level 5 in Fighting
  5419 | D:7      | Reached XP level 9. HP: 33/72 MP: 3/3
  5435 | D:7      | HP: 3/72 [warg (1)]
  5437 | D:7      | Slain by a centaur

Action                   |  1- 3 |  4- 6 |  7- 9 || total
-------------------------+-------+-------+-------++-------
Melee: Mace              |    89 |   144 |       ||   233
       Morningstar       |       |     2 |   225 ||   227
Invok: Heroism           |       |     1 |     1 ||     2
Evoke: Wand              |       |       |     1 ||     1
  Use: Scroll            |     7 |     1 |     2 ||    10
       Potion            |       |     3 |     4 ||     7
